 Dungeon Crawl Stone Soup version 0.29-a0-817-g9904bce7a6 (webtiles) character file.

Game seed: 14847015907216099567

18 blackman the Sneak (level 2, -2/24 HPs)
             Began as a Human Delver on July 5, 2022.
             Slain by an iguana (7 damage)
             ... on level 5 of the Dungeon.
             The game lasted 00:01:41 (467 turns).

blackman the Sneak (Human Delver)                    Turns: 467, Time: 00:01:42

Health: -2/24      AC:  3    Str: 11 (12) XL:     2   Next: 85%
Magic:  2/2        EV: 11    Int:  7 (10) God:
Gold:   0          SH:  0    Dex: 11 (14) Spells: 1/1 levels left

rFire   . . .      SeeInvis .   a - +0 hand axe
rCold   . . .      Faith    .   (no shield)
rNeg    . . .      Spirit   .   b - +0 leather armour
rPois   .          Reflect  .   (no helmet)
rElec   .          Harm     .   (no cloak)
rCorr   .          Rampage  .   (no gloves)
Will    .....                   (no boots)
Stlth   ++........              (no amulet)
HPRegen 0.08/turn               (no ring)
MPRegen 0.08/turn               (no ring)

@: about to teleport
A: no striking features
a: no special abilities


You were on level 5 of the Dungeon.
You visited 1 branch of the dungeon, and saw 2 of its levels.

Inventory:

Hand Weapons
 a - a +0 hand axe (weapon)
Armour
 b - a +0 leather armour (worn)
Wands
 g - a wand of digging (3)
Scrolls
 c - a scroll of fog
 d - a scroll of magic mapping
 e - a scroll of fear
Potions
 f - a potion of haste


   Skills:
 - Level 3.0 Fighting
 - Level 2.0 Axes
 - Level 2.0 Dodging
 - Level 5.0 Stealth
 * Level 2.2 Evocations


You had one spell level left.
You didn't know any spells.
Your spell library contained the following spells:

 Spells                   Type           Power      Damage    Failure   Level
 Magic Dart               Conj           0%         1d3       52%         1
 Searing Ray              Conj           0%         2d4       67%         2
 Fulminant Prism          Conj/Hex       0%         3d6       99%         4


Dungeon Overview and Level Annotations

Branches:
Dungeon (6/15)
 Temple: D:4-7

Altars:


Message History

There are monsters nearby!
You close the door.
A gnoll opens the door.
The adder closely misses you.
There is a stone staircase leading down here.
The adder bites you but does no damage.
You climb downwards.
Found a pair of boots, a robe and a scroll labelled WICERI JI UZEI.
There is a stone staircase leading up here.
You hit the adder but do no damage. The adder misses you.
The adder bites you but does no damage.
You hit the adder.
The adder is moderately wounded.
The adder closely misses you.
You closely miss the adder.
The adder is moderately wounded.
The adder bites you but does no damage. The adder closely misses you.
You hit the adder.
The adder is heavily wounded.
The adder barely misses you.
You slash the adder!
You kill the adder!
Your Evocations skill increases to level 2!
You see here an adder corpse.
There is a stone staircase leading up here.
You climb upwards.
There is a stone staircase leading down here.
The iguana attacks as you move away! The iguana barely misses you.
It was a potion of degeneration.
There was something very wrong with that liquid.
You feel weakened.
You feel dopey.
You feel clumsy. The iguana bites you.
As you read the scroll labelled WICERI JI UZEI, it crumbles to dust.
You feel strangely unstable.
It was a scroll of teleportation.
The gnoll barely misses you. The iguana bites you!
Ouch! That really hurt!
* * * LOW HITPOINT WARNING * * *
The iguana attacks as you move away! The iguana closely misses you.
The iguana attacks as you move away! The iguana bites you!
You die...

.....####....#########≈≈≈≈≈###...
.....'...............###'###.'...
.....###.........####.#...####...
....## #.#.#.###># #.#..## ##..
...## #.....# #.# #....## ##.
....# #..#..# #g# ##.....## ##
.##.# #....## #.# #.......# #
.##.# #.#(## #l# ##.....## ..#.#
#.#.#####@# ##...## ..#.#
#.........# ##.## # ..#.#
###.####### #.# #####
....######.# #.# #....
...........# #.# #.###
...######### #.####### .###
#.....# .# ####### # .# #


You could see an iguana and a gnoll.

Vanquished Creatures
  2 adders
2 creatures vanquished.

Notes
Turn   | Place    | Note
-------+----------+-------------------------------------------
     0 | D:5      | blackman the Human Delver began the quest for the Orb.
     0 | D:5      | Reached XP level 1. HP: 18/18 MP: 1/1
   230 | D:5      | Reached skill level 1 in Evocations
   230 | D:5      | Reached XP level 2. HP: 15/24 MP: 2/2
   450 | D:6      | Noticed a necrophage
   467 | D:5      | Slain by an iguana

Illustrated notes

Levels and vault maps discovered:
D:5:      layout_loops_corners, serial_rivers, chequers_serial_rivers_small_a,
          chequers_serial_rivers_large_a, chequers_serial_rivers_room_b,
          chequers_serial_rivers_room_b, serial_shops, shop,
          kennysheep_small_circle
D:6:      layout_gridville, serial_shops, shop_statue

Skill      XL: |  1  2 |
---------------+-------+-----
Evocations     | 1 2 |  2.2
Fighting       | |  3.0
Axes           | |  2.0
Dodging        | |  2.0
Stealth        | |  5.0

Action                   || total
-------------------------++-------
Melee: Hand axe          ||    12
  Use: Scroll            ||     1
       Potion            ||     1
Armor: Leather armour    ||     7
Dodge: Dodged            ||    12

Table legend: (Time is in decaauts)
 A = Elapsed time spent in this place.
 B = Non-inter-level travel time spent in this place.
 C = Inter-level travel time spent in this place.
 D = Time resting spent in this place.
 E = Time spent auto-exploring this place.
 F = Levels seen in this place.
 G = Mean time per level.
                   A        B        C        D        E       F      G
               +--------+--------+--------+--------+--------+-----+--------+
         Total |    476 |    476 |      0 |      0 |    426 |   2 |  238.0 |
       Dungeon |    476 |    476 |      0 |      0 |    426 |   2 |  238.0 |
               +--------+--------+--------+--------+--------+-----+--------+

Top non-repeatable levels by time:
     D:5: 466 daAuts
     D:6: 9 daAuts
